cohdb
Replays
Latest Replays
All Replays
Popular Replays
Top Player Replays
Match Explorer
How It Works
Community
CoH3 Stats
Reddit
Sign in to upload your games and track your stats! →
Sign in with Steam
Match 47312521
Unlisted
Match 47312521
Overview
Messages
Build Orders
End
Vickers Machine Gun Team
Construct Section Command Post
Selects Heavy Armor Battlegroup
Selects Heavy Armor Battlegroup
Dingo Light Scout Car
Infantry Section
Infantry Section
Royal Engineer Section
Construct Platoon Command Post
Unlock M3 Stuart Light Tanks
Selects Rigorous Vehicle Training
Selects Forward Repair Assembly
Selects Rigorous Vehicle Training
S A N E
T-70 X-Wing
quangdung.tr0809
[USS] Felthecat
午睡红茶
NO Problem Old Tie
ionwood
🅲ˇ西德4000ˇ
0
0
Comments
sign in to comment!
No comments posted yet!